 Dungeon Crawl Stone Soup version 0.23-a0-480-g1869896 (webtiles) character file.

32149 MisterFreud the Blocker (level 13, -7/86 HPs)
             Began as an Octopode Fighter on Nov 28, 2018.
             Was a Priest of Cheibriados.
             Mangled by a torpor snail (10 damage)
             ... on level 6 of the Lair of Beasts.
             The game lasted 01:17:45 (17987 turns).

MisterFreud the Blocker (Octopode Fighter)         Turns: 17987, Time: 01:17:45

Health: -7/86      AC: 11    Str: 21    XL:     13   Next: 62%
Magic:  7/28       EV: 21    Int: 23    God:    Cheibriados [***...]
Gold:   859        SH: 14    Dex: 21    Spells: 12/20 levels left

rFire    + . .     SeeInvis +   a - +1 long sword
rCold    + + +     Gourm    .   b - +1 shield
rNeg     + . .     Faith    .   D - +0 hat of Zaophece {rF++ rC++ Str-3}
rPois    +         Spirit   .   (no amulet)
rElec    .         Reflect  .   G - +2 ring of dexterity
rCorr    .         Harm     .   q - +2 ring of protection
MR       .....                  F - ring of poison resistance
Stlth    ++++......             H - ring of magical power
HPRegen  0.24/turn              Y - ring of ice
MPRegen  0.21/turn              J - ring of see invisible
                                T - ring of stealth
                                S - ring of positive energy

@: icy armour, slowed, studying Short Blades, very slow
A: almost no armour, stealthy swim, amphibious, 8 rings, constrict 8, camouflage
1, gelatinous body 1
a: Bend Time, Temporal Distortion, Renounce Religion


You were on level 6 of the Lair of Beasts.
You worshipped Cheibriados.
Cheibriados was most pleased with you.
You were near starving.

You visited 3 branches of the dungeon, and saw 18 of its levels.

You collected 1192 gold pieces.
You spent 333 gold pieces at shops.

Inventory:

Hand Weapons
 a - a +1 long sword (weapon)
 w - a +2 whip of pain
Armour
 b - a +1 shield (worn)
 D - the +0 hat of Zaophece (worn) {rF++ rC++ Str-3}
   (You bought it in a shop on level 6 of the Dungeon)

   It affects your strength (-3).
   It greatly protects you from fire.
   It greatly protects you from cold.
Magical Staves
 N - an uncursed staff of earth
Jewellery
 o - an uncursed ring of protection from fire
 q - a +2 ring of protection (right tentacle)
 F - a ring of poison resistance (on tentacle)
 G - a +2 ring of dexterity (left tentacle)
 H - a ring of magical power (on tentacle)
 I - an uncursed ring of stealth
 J - a ring of see invisible (on tentacle)
 L - an uncursed ring of magical power
 S - a ring of positive energy (on tentacle)
 T - a ring of stealth (on tentacle)
 Y - a ring of ice (on tentacle)
Wands
 j - a wand of flame (71)
 l - a wand of disintegration (16)
 u - a wand of paralysis (4)
 B - a wand of iceblast (5)
Scrolls
 c - a scroll of vulnerability
 e - 6 scrolls of remove curse
 f - a scroll of enchant armour
 g - 2 scrolls of amnesia
 h - a scroll of identify
 s - 7 scrolls of teleportation
 v - 3 scrolls of enchant weapon
 A - a scroll of fog
 E - 3 scrolls of immolation
 K - a scroll of blinking {unknown}
 O - a scroll of random uselessness {unknown}
 V - a scroll of brand weapon {unknown}
 W - a scroll of magic mapping
Potions
 k - 2 potions of magic
 m - 3 potions of flight
 p - 2 potions of cancellation
 r - a potion of berserk rage {unknown}
 x - a potion of agility
 z - 3 potions of might
 P - a potion of resistance
 X - a potion of mutation
Books
 C - a manual of Short Blades
Comestibles
 d - 34 rations


   Skills:
 + Level 7.4 Fighting
 + Level 9.1 Long Blades
 - Level 10.0 Dodging
 + Level 11.1 Shields
 - Level 4.0 Spellcasting
 - Level 2.0 Conjurations
 - Level 5.0 Charms
 - Level 5.1 Ice Magic
 - Level 8.0 Air Magic
 + Level 7.5 Invocations
 - Level 6.2 Evocations


You had 12 spell levels left.
You knew the following spells:

 Your Spells              Type           Power        Failure   Level  Hunger
a - Shock                 Conj/Air       ####         2%          1    None
b - Airstrike             Air            #####.....   6%          4    ####...
c - Ozocubu's Armour      Chrm/Ice       #####...     6%          3    ##.....

Your spell library contained the following spells:

 Spells                   Type           Power        Failure   Level  Hunger
 Freeze                   Ice            ####         1%          1    None
 Swiftness                Chrm/Air       ####....     1%          2    #......
 Throw Frost              Conj/Ice       ####..       6%          2    #......
 Static Discharge         Conj/Air       ####....     6%          3    ##.....
 Ensorcelled Hibernation  Hex/Ice        ###...       9%          2    #......
 Animate Skeleton         Necr           N/A          17%         1    None
 Confusing Touch          Hex            #.....       17%         1    None
 Corona                   Hex            #......      17%         1    None
 Pain                     Necr           #...         17%         1    None
 Regeneration             Chrm/Necr      ###.......   19%         3    ##.....
 Conjure Flame            Conj/Fire      #.......     32%         3    ##.....
 Dazzling Spray           Conj/Hex       #.....       32%         3    ##.....
 Throw Icicle             Conj/Ice       ####....     36%         4    ####...
 Confuse                  Hex            #.......     45%         3    ##.....
 Inner Flame              Hex/Fire       #.......     45%         3    ##.....
 Portal Projectile        Hex/Tloc       #.....       45%         3    ##.....
 Summon Guardian Golem    Hex/Summ       #.......     45%         3    ##.....
 Tukima's Dance           Hex            #.......     45%         3    ##.....
 Vampiric Draining        Necr           #.........   45%         3    ##.....
 Summon Ice Beast         Ice/Summ       ###.....     52%         4    ####...
 Lightning Bolt           Conj/Air       ####......   52%         5    ######.
 Animate Dead             Necr           N/A          86%         4    ####...
 Petrify                  Tmut/Erth      #.......     86%         4    ####...
 Fireball                 Conj/Fire      #.........   97%         5    ######.
 Iron Shot                Conj/Erth      #.........   100%        6    #######


Dungeon Overview and Level Annotations

Branches:
Dungeon (11/15)            Temple (1/1) D:6            Lair (6/6) D:10
  Swamp (0/4) Lair:4       Spider (0/4) Lair:3        Slime (0/5) Lair:5
    Orc (0/2) D:9

Altars:
Ashenzari
Cheibriados
Dithmenos
Elyvilon
Gozag
Hepliaklqana
Kikubaaqudgha
Makhleb
Nemelex Xobeh
Okawaru
Ru
Sif Muna
Trog
Uskayaw
Wu Jian
Xom
Yredelemnul
Zin
The Shining One

Shops:
D:4 *   D:6 [

Annotations:
D:1 1 runed door
D:3 2 transporters, pidr's ghost, amateur DENe
D:7 2 runed doors, tilp's ghost, novice MfIE
D:10 Joseph
Lair:2 3 runed doors, kirsanium's ghost, journeyman TrMo
Lair:4 exclusion: oklob plant


Innate Abilities, Weirdness & Mutations

You cannot wear most types of armour.
You are very stealthy in the water. (Stealth+)
You are amphibious.
You can wear up to eight rings at the same time.
You can use your tentacles to constrict eight enemies at once.
Your skin changes colour to match your surroundings (Stealth+).
Your rubbery body absorbs attacks. (AC +1, EV +1)


Message History

Unknown command.
Unknown command.
Unknown command.
Okay, then.
Unknown command.
Unknown command.
Unknown command.
Okay, then.
Unknown command.
Unknown command.
Unknown command.
Unknown command.
Evoke which item? (* to show all) (? for menu, Esc to quit)
Aiming: Throw Flame
Press: ? - help, Shift-Dir - straight line, f/p - torpor snail
Aim: a torpor snail (severely wounded)
The puff of flame hits the torpor snail.
The torpor snail is almost dead.
You block the tyrant leech's attack. The torpor snail bites you!
You die...

.# ##.
#.. #..
##..
#k.##
#ww.##
#@.P.#
##.....#
!...##
..$.#
#..##
###


You could see a tyrant leech, a torpor snail and a lindwurm.

Vanquished Creatures
  Josephine (Lair:4)
  3 hydras
  A lindwurm (Lair:6)
  8 elephants
  5 black mambas
  A torpor snail (Lair:6)
  8 spiny frogs
  4 komodo dragons
  A troll (D:9)
  A queen bee (Lair:1)
  3 polar bears
  7 hornets
  9 blink frogs
  6 hippogriffs
  A vampire (D:10)
  A shadow (D:11)
  15 yaks
  5 wyverns
  2 basilisks (Lair:2)
  4 wraiths (Lair:4)
  4 fire bats (Lair:1)
  3 hungry ghosts
  2 wargs (D:9)
  Menkaure (D:4)
  12 water moccasins
  12 porcupines
  3 black bears
  A sky beast (D:10)
  An eye of draining (D:9)
  5 phantoms
  4 ice beasts
  A necrophage (D:10)
  A hornet zombie (D:9)
  7 wolves
  4 centaurs
  2 ogres
  4 boggarts (Lair:5)
  4 crocodiles
  A big kobold (D:7)
  18 bullfrogs
  A water moccasin zombie (D:6)
  A wyvern skeleton (D:9)
  2 scorpions
  34 killer bees
  A howler monkey (D:5)
  3 crimson imps
  A centaur zombie (D:9)
  6 orc priests
  6 hounds
  2 jellies
  14 orc wizards
  2 iguanas
  Jessica (D:3)
  Natasha (thrice) (D:4)
  9 worker ants
  A hound zombie (D:6)
  7 gnolls
  15 adders
  An ooze (D:2)
  2 worms
  2 dart slugs
  10 leopard geckos
  34 orcs
  11 ball pythons
  5 giant cockroaches
  7 goblins
  7 hobgoblins
  9 jackals (D:3)
  9 kobolds
  6 quokkas
  9 bats
  2 frilled lizards (D:1)
  A jackal zombie (D:7)
  2 quokka skeletons
  22 rats
  A plant (D:10)
425 creatures vanquished.

Vanquished Creatures (others)
  24 fungi
  27 plants
  4 toadstools (D:1)
55 creatures vanquished.

Grand Total: 480 creatures vanquished

Notes
Turn   | Place    | Note
-------+----------+-------------------------------------------
     0 | D:1      | MisterFreud the Octopode Fighter began the quest for the
                  | Orb.
     0 | D:1      | Reached XP level 1. HP: 16/16 MP: 1/1
     3 | D:1      | Found a runed door.
   117 | D:1      | Reached XP level 2. HP: 19/21 MP: 2/2
   686 | D:1      | Reached XP level 3. HP: 20/26 MP: 3/3
   875 | D:2      | Found a shattered altar of Ashenzari.
  1461 | D:2      | Reached XP level 4. HP: 18/31 MP: 4/4
  2199 | D:3      | Found a transporter.
  2260 | D:3      | Found a burning altar of Makhleb.
  2268 | D:3      | Reached skill level 5 in Long Blades
  2329 | D:3      | Reached XP level 5. HP: 34/36 MP: 5/5
  2358 | D:3      | Found an ornate altar of the Wu Jian Council.
  2382 | D:3      | Noticed Jessica
  2392 | D:3      | Killed Jessica
  2838 | D:3      | Found an opulent altar of Gozag.
  2963 | D:3      | Found a transporter.
  2964 | D:3      | Noticed pidr's ghost (amateur DENe)
  3088 | D:4      | Found Inkohunke's Assorted Antiques.
  3103 | D:4      | Bought a scroll of identify for 48 gold pieces
  3103 | D:4      | Bought a bubbling brown potion for 21 gold pieces
  3103 | D:4      | Bought a scroll of identify for 48 gold pieces
  3153 | D:4      | Reached XP level 6. HP: 39/42 MP: 6/6
  3275 | D:4      | Reached skill level 9 in Shields
  3275 | D:4      | Reached XP level 7. HP: 46/46 MP: 7/7
  3559 | D:4      | Noticed Natasha
  3574 | D:4      | Killed Natasha
  3756 | D:4      | Found an iron altar of Okawaru.
  3788 | D:4      | Noticed Menkaure
  3812 | D:4      | Killed Menkaure
  3939 | D:5      | Entered Level 5 of the Dungeon
  3947 | D:4      | Reached XP level 8. HP: 50/52 MP: 8/8
  4014 | D:4      | Noticed Natasha
  4019 | D:4      | Killed Natasha
  4419 | D:4      | Noticed Natasha
  4427 | D:4      | Killed Natasha
  5338 | D:6      | Reached XP level 9. HP: 56/56 MP: 9/9
  5441 | D:6      | Found a staircase to the Ecumenical Temple.
  5456 | Temple   | Entered the Ecumenical Temple
  5679 | Temple   | Became a worshipper of Cheibriados the Contemplative
  5785 | D:6      | Found Vairchaz's Antique Armour Boutique.
  5793 | D:6      | Bought a jewelled hat for 216 gold pieces
  5798 | D:6      | Identified the cursed +0 hat of Zaophece {rF++ rC++ Str-3}
                  | (You bought it in a shop on level 6 of the Dungeon)
  6468 | D:6      | Found a shimmering altar of Xom.
  6475 | D:6      | Found a deep blue altar of Sif Muna.
  6595 | D:7      | Found a white marble altar of Elyvilon.
  6699 | D:7      | Reached * piety under Cheibriados
  6747 | D:7      | Reached skill level 10 in Dodging
  6747 | D:7      | Reached skill level 10 in Shields
  7354 | D:7      | Reached ** piety under Cheibriados
  7426 | D:7      | Found a large runed door.
  7426 | D:7      | Found a large runed door.
  7432 | D:7      | Noticed tilp's ghost (novice MfIE)
  7497 | D:7      | Found a hazy altar of Hepliaklqana.
  7823 | D:8      | Reached XP level 10. HP: 61/65 MP: 10/10
  7930 | D:8      | Reached skill level 5 in Fighting
  8390 | D:8      | Learned a level 1 spell: Shock
  8709 | D:9      | Reached skill level 1 in Conjurations
  8709 | D:9      | Reached skill level 1 in Air Magic
  8723 | D:9      | Reached skill level 1 in Spellcasting
  8727 | D:9      | Reached *** piety under Cheibriados
  8787 | D:9      | Found a staircase to the Orcish Mines.
  9296 | D:9      | Reached skill level 1 in Invocations
 10156 | D:9      | Paralysed by a hornet for 1 turns
 10159 | D:9      | Reached **** piety under Cheibriados
 10159 | D:9      | Reached XP level 11. HP: 45/72 MP: 14/14
 10343 | D:9      | Learned a level 4 spell: Airstrike
 10344 | D:10     | Entered Level 10 of the Dungeon
 10496 | D:10     | Reached skill level 5 in Invocations
 10930 | D:10     | Found a staircase to the Lair.
 11002 | D:10     | Noticed Joseph
 11044 | Lair:1   | Entered Level 1 of the Lair of Beasts
 11220 | Lair:1   | Reached skill level 5 in Air Magic
 11876 | Lair:1   | Learned a level 3 spell: Ozocubu's Armour
 11996 | Lair:1   | Reached ***** piety under Cheibriados
 11996 | Lair:1   | Reached skill level 1 in Charms
 11996 | Lair:1   | Reached skill level 1 in Ice Magic
 12984 | Lair:2   | Reached XP level 12. HP: 53/79 MP: 17/17
 13327 | Lair:2   | Found a runed gate.
 13327 | Lair:2   | Found a runed gate.
 13327 | Lair:2   | Found a runed gate.
 13327 | Lair:2   | Noticed a seven-headed hydra
 13327 | Lair:2   | Noticed kirsanium's ghost (journeyman TrMo)
 13553 | Lair:3   | Reached skill level 1 in Evocations
 13574 | Lair:3   | Found a hole to the Spider Nest.
 13666 | Lair:3   | Identified 2 scrolls of acquirement
 13666 | Lair:3   | Identified the Papyrus of Dusty Beguiling (You acquired it
                  | on level 3 of the Lair of Beasts)
 13668 | Lair:3   | Identified MisterFreud's Almanac of the Volcanoes (You
                  | acquired it on level 3 of the Lair of Beasts)
 13937 | Lair:3   | Reached skill level 5 in Charms
 13937 | Lair:3   | Reached skill level 5 in Ice Magic
 15303 | Lair:4   | Noticed a four-headed hydra
 15398 | Lair:4   | Killed a four-headed hydra
 15398 | Lair:4   | Reached skill level 5 in Evocations
 15730 | Lair:4   | Found a staircase to the Swamp.
 15876 | Lair:4   | Noticed Josephine
 15888 | Lair:4   | Killed Josephine
 16240 | Lair:4   | Reached XP level 13. HP: 83/83 MP: 19/19
 17024 | Lair:5   | Found a staircase to the Slime Pits.
 17483 | Lair:6   | Entered Level 6 of the Lair of Beasts
 17691 | Lair:6   | Reached skill level 11 in Shields
 17975 | Lair:6   | HP: 6/129 [tyrant leech (12)]
 17984 | Lair:6   | HP: 4/129 [torpor snail (4)]
 17987 | Lair:6   | Mangled by a torpor snail

Vault maps used:
D:1:      dpeg_arrival_caged_fury, serial_curves, eino_curves_02,
          eino_curves_02, minmay_misc_feat_iff, minmay_misc_feat_rows,
          minmay_misc_feat_ornament, serial_bayou_pond_e, nrook_campfire,
          minmay_gold_behind_fungi, skrybe_limestone_x, minmay_liquid_box
D:2:      nicolae_ashenzari_panopticon
D:3:      bloody_makhleb, lemuel_doored_altar, old_standard_altar,
          gammafunk_ghost_mausoleum, minmay_shallow_snake_nest, uniq_jessica
D:4:      kennysheep_mini, nicolae_overflow_hidden_temple, serial_shops,
          shop_coins, minmay_rat_hole, uniq_menkaure, uniq_natasha
D:5:      first_ration, minmay_manual_mandibuliform
D:6:      lemuel_round_altar, xom_teletrap_fun, minmay_temple_entry_trees,
          serial_shops, shop
D:7:      marbit_many_paths, lemuel_round_altar, ebering_ghost_disaster_area
D:9:      erik_orc_4
D:10:     due_lair_maze_entry_diamond, uniq_joseph
D:11:     serial_glass, glass_columns_c, glass_columns_c, glass_columns_b,
          glass_columns_a, serial_shops, nicolae_shop_crystal
Temple:   minmay_temple_forest_path
Lair:1:   special_room
Lair:2:   gammafunk_ghost_split, grunt_forest_small_clearing_treed
Lair:3:   dummy_spider_entry, nicolae_lair_grove_arrangements,
          beast_lair_carwin_9, serial_bayou_shore_b, grunt_megastairs_4
Lair:4:   swamp_mist, wad_woods_road_01, lemuel_fruit_tree,
          minmay_lair_oklob_chamber, grunt_megastairs_3, uniq_josephine
Lair:5:   dpeg_slime_entry_corner, lab_entry_generic, kilobyte_rumbling_trees,
          infiniplex_staircase_pool
Lair:6:   wormcave, hangedman_lair_tendril_chambers, basic_altar,
          kennysheep_abandoned_house

Skill      XL: |  1  2  3  4  5  6  7  8  9 10 11 12 13 |
---------------+----------------------------------------+-----
Long Blades    | 3 4 5 6 7 8 9 |  9.1
Dodging        | 9 10 | 10.0
Shields        | 9 10 11 | 11.1
Fighting       | 4 6 7 |  7.4
Conjurations   | 2 |  2.0
Air Magic      | 2 6 8 |  8.0
Spellcasting   | 2 3 4 |  4.0
Invocations    | 4 6 7 |  7.5
Charms         | 2 5 |  5.0
Ice Magic      | 2 5 |  5.1
Evocations     | 6 |  6.2

Action                   |  1- 3 |  4- 6 |  7- 9 | 10-12 | 13-15 || total
-------------------------+-------+-------+-------+-------+-------++-------
Melee: Long sword        |    73 |    72 |   363 |   526 |   105 ||  1139
       Constrict         |    23 |    20 |    73 |    80 |    15 ||   211
       Tentacles         |    12 |    21 |    85 |   228 |    61 ||   407
       Whip              |       |       |       |     1 |       ||     1
Throw: Stone             |    20 |    22 |    45 |    53 |       ||   140
       Tomahawk          |       |       |    58 |     5 |       ||    63
       Javelin           |       |       |     5 |    71 |       ||    76
 Cast: Shock             |       |       |       |   102 |    12 ||   114
       Ozocubu's Armour  |       |       |       |    37 |    19 ||    56
       Airstrike         |       |       |       |       |    23 ||    23
Invok: Slouch            |       |       |       |     6 |     7 ||    13
Evoke: Wand              |       |       |       |     5 |     9 ||    14
  Use: Scroll            |       |    10 |     4 |    16 |     3 ||    33
       Potion            |       |     2 |     3 |     3 |     4 ||    12
 Stab: Sleeping          |     6 |     1 |     2 |     3 |       ||    12
       Distracted        |       |       |     1 |       |       ||     1
  Eat: Chunk             |     2 |     6 |    10 |    20 |     7 ||    45
       Ration            |       |       |     1 |       |       ||     1
Armor: Skin              |     5 |     7 |    54 |    32 |    44 ||   142
Dodge: Dodged            |    43 |    30 |   134 |   314 |    95 ||   616
Block: Shield            |    32 |    29 |   168 |   329 |   104 ||   662
       Rpst.: Long sword |     9 |    11 |    44 |    94 |    28 ||   186

Table legend:
 A = Non-vault XP
 B = Vault XP
 C = Vault XP percentage of total XP
 D = Non-vault monster count
 E = Vault monster count
 F = Vault count percentage of total count
                 A         B        C        D         E       F
            +---------+---------+-------+---------+---------+-------
      Total |   32866 |   12720 |  27.9 |     304 |     120 |  28.3
            +---------+---------+-------+---------+---------+-------
        D:1 |      38 |       0 |   0.0 |      22 |       0 |   0.0
        D:2 |      91 |       0 |   0.0 |      20 |       0 |   0.0
        D:3 |      80 |      60 |  42.9 |      22 |       9 |  29.0
        D:4 |     575 |     212 |  26.9 |      24 |      21 |  46.7
        D:5 |     660 |     127 |  16.1 |      23 |       4 |  14.8
        D:6 |     823 |       0 |   0.0 |      19 |       0 |   0.0
        D:7 |    1272 |       2 |   0.2 |      25 |       1 |   3.8
        D:8 |    1466 |       0 |   0.0 |      17 |       0 |   0.0
        D:9 |    3135 |     584 |  15.7 |      29 |      17 |  37.0
       D:10 |     844 |     985 |  53.9 |      12 |       8 |  40.0
       D:11 |     699 |     124 |  15.1 |       6 |       1 |  14.3
     Temple |      29 |       0 |   0.0 |       2 |       0 |   0.0
     Lair:1 |    3520 |    1730 |  33.0 |      18 |      24 |  57.1
     Lair:2 |    5026 |       0 |   0.0 |      19 |       0 |   0.0
     Lair:3 |    2422 |     902 |  27.1 |       8 |       5 |  38.5
     Lair:4 |    4758 |    2551 |  34.9 |      13 |       8 |  38.1
     Lair:5 |    6431 |    1162 |  15.3 |      22 |       7 |  24.1
     Lair:6 |     997 |    4281 |  81.1 |       3 |      15 |  83.3
            +---------+---------+-------+---------+---------+-------
